 Dungeon Crawl Stone Soup version 0.19.0-16-g73b5abf (webtiles) character file.

31313 Plasmo the Zephyrmancer (level 13, -4/86 HPs)
             Began as a High Elf Wizard on Nov 9, 2016.
             Was an Elder of Vehumet.
             Engulfed by a cloud of flame (8 damage)
             ... on level 6 of the Lair of Beasts on Nov 11, 2016.
             The game lasted 02:29:10 (23412 turns).

Plasmo the Zephyrmancer (High Elf Wizard)          Turns: 23412, Time: 02:29:11

Health: -4/86      AC: 15    Str: 13    XL:     13   Next: 25%
Magic:  0/26       EV: 19    Int: 22    God:    Vehumet [****..]
Gold:   1244       SH:  5    Dex: 16    Spells: 11 memorised, 2 levels left

rFire  + . .     SeeInvis .     Q - +0 scimitar (flame)
rCold  . . .     Gourm    .     M - +3 ring mail {rF+}
rNeg   . . .     Faith    .     w - +0 buckler
rPois  .         Spirit   .     q - +0 helmet
rElec  .         Reflect  .     I - +0 cloak
rCorr  .         Harm     .     Y - +2 pair of gloves
MR     +....                    (no boots)
Stlth  ++........               (no amulet)
                                m - +3 ring of strength
                                B - +3 ring of evasion

@: very slightly contaminated
A: no striking features
a: Renounce Religion


You were on level 6 of the Lair of Beasts.
You worshipped Vehumet.
Vehumet was greatly pleased with you.
You were very hungry.

You visited 3 branches of the dungeon, and saw 15 of its levels.
You also visited: Labyrinth and Sewer.

You collected 1244 gold pieces.

Inventory:

Hand Weapons
 k - a +0 blowgun
 C - a +0 double sword
 Q - a +0 scimitar of flaming (weapon)
Missiles
 x - 16 poisoned needles
 z - 12 javelins (quivered)
Armour
 n - a +0 shield
 q - a +0 helmet (worn)
 w - a +0 buckler (worn)
 I - a +0 cloak (worn)
 M - a +3 ring mail of fire resistance (worn)
 Y - a +2 pair of gloves (worn)
Magical Staves
 G - an uncursed staff of air
 L - an uncursed staff of wizardry
 N - an uncursed staff of cold
Rods
 A - a +3 rod of inaccuracy (14/14)
   (You found it in a labyrinth)
Jewellery
 b - the amulet "Tuomm" {Inacc rElec Stlth+}
   (You found it in a labyrinth)

   [amulet of inaccuracy]

   It reduces the accuracy of all your attacks.
   It insulates you from electricity.
   It makes you more stealthy.
 g - an uncursed ring of positive energy
 j - an uncursed ring of resist corrosion
 m - a +3 ring of strength (right hand)
 s - an uncursed amulet of regeneration {unknown}
 v - an uncursed amulet of magic regeneration {unknown}
 B - a +3 ring of evasion (left hand)
 E - an uncursed ring of protection from magic
 F - an uncursed amulet of the gourmand {unknown}
Wands
 i - a wand of teleportation (5/9)
 u - a wand of iceblast (0/15)
 J - a wand of acid (4/15)
 U - a wand of digging (10/24)
Scrolls
 h - 7 scrolls of remove curse
 r - 6 scrolls of amnesia
 O - a scroll of fear
 V - a scroll of fog
Potions
 e - 4 potions of brilliance
 f - 6 potions of flight
 p - a potion of magic
 t - 2 potions of cancellation
 S - a potion of beneficial mutation
 T - 2 potions of ambrosia
 W - a potion of resistance {unknown}
 X - a potion of might {unknown}
 Z - 2 potions of curing
Books
 c - a book of Minor Magic

   Spells                             Type                      Level
   a - Magic Dart                     Conjuration                  1
   b - Blink                          Translocation                2
   c - Call Imp                       Summoning                    2
   d - Repel Missiles                 Charms/Air                   2
   e - Slow                           Hexes                        2
   f - Conjure Flame                  Conjuration/Fire             3
   g - Mephitic Cloud                 Conjuration/Poison/Air       3
 l - Juokhen's Easy Theurgy
   (You acquired it on level 7 of the Dungeon)

   Spells                             Type                      Level
   a - Repel Missiles                 Charms/Air                   2
   b - Shroud of Golubria             Charms/Translocation         2
   c - Searing Ray                    Conjuration                  2
   d - Passwall                       Transmutation/Earth          2
   e - Sticks to Snakes               Transmutation                2
 o - a book of Necromancy

   Spells                             Type                      Level
   a - Pain                           Necromancy                   1
   b - Animate Skeleton               Necromancy                   1
   c - Vampiric Draining              Necromancy                   3
   d - Regeneration                   Charms/Necromancy            3
   e - Animate Dead                   Necromancy                   4
   f - Control Undead                 Necromancy                   4
 y - a Young Poisoner's Handbook

   Spells                             Type                      Level
   a - Sting                          Conjuration/Poison           1
   b - Mephitic Cloud                 Conjuration/Poison/Air       3
   c - Olgreb's Toxic Radiance        Poison                       4
   d - Alistair's Intoxication        Transmutation/Poison         5
   e - Venom Bolt                     Conjuration/Poison           5
 D - Plasmo's Reference Book on the Destructive Traveller
   (You acquired it on level 5 of the Lair of Beasts)

   Spells                             Type                      Level
   a - Recall                         Summoning/Translocation      3
   b - Throw Icicle                   Conjuration/Ice              4
   c - Sticky Flame                   Conjuration/Fire             4
   d - Irradiate                      Conjuration/Transmutation    5
   e - Conjure Ball Lightning         Conjuration/Air              6
 K - a book of Party Tricks

   Spells                             Type                      Level
   a - Summon Butterflies             Summoning                    1
   b - Apportation                    Translocation                1
   c - Lesser Beckoning               Translocation                3
   d - Tukima's Dance                 Hexes                        3
   e - Alistair's Intoxication        Transmutation/Poison         5
   f - Invisibility                   Hexes                        6
Miscellaneous
 R - a phial of floods
Comestibles
 a - 5 meat rations
 d - 9 bread rations


   Skills:
 * Level 7.3 Fighting
 * Level 8.8 Long Blades
 - Level 4.8 Throwing
 * Level 6.9 Armour
 * Level 8.5 Dodging
 - Level 2.8 Stealth
 * Level 4.8 Shields
 * Level 8.8 Spellcasting
 * Level 8.1 Conjurations
 - Level 0.8 Summonings
 - Level 1.2 Necromancy
 - Level 2.0 Translocations
 * Level 7.1 Fire Magic
 * Level 1.5 Ice Magic
 * Level 9.0 Air Magic
 - Level 2.1 Earth Magic
 - Level 4.0 Evocations


You had 2 spell levels left.
You knew the following spells:

 Your Spells              Type           Power        Failure   Level  Hunger
a - Magic Dart            Conj           ####         1%          1    None
b - Call Imp              Summ           ##......     14%         2    None
c - Conjure Flame         Conj/Fire      #####...     1%          3    None
d - Mephitic Cloud        Conj/Pois/Air  ####....     1%          3    None
e - Blink                 Tloc           N/A          12%         2    None
f - Stone Arrow           Conj/Erth      ####..       1%          3    None
g - Apportation           Tloc           ###.......   8%          1    None
h - Regeneration          Chrm/Necr      ##........   34%         3    None
i - Summon Butterflies    Summ           ##......     12%         1    None
j - Sticky Flame          Conj/Fire      #####...     2%          4    ##.....
k - Throw Icicle          Conj/Ice       ####....     4%          4    ##.....


Dungeon Overview and Level Annotations

Branches:
Dungeon (8/15)             Temple (1/1) D:6            Lair (6/6) D:8
 Shoals (0/4) Lair:4        Snake (0/4) Lair:3        Slime (0/5) Lair:5

Altars:
Ashenzari
Cheibriados
Dithmenos
Elyvilon
Hepliaklqana
Kikubaaqudgha
Nemelex Xobeh
Okawaru
Qazlal
Ru
Trog
Vehumet
Zin
Jiyva

Shops:
D:6 *   D:8 =


Message History

The four-headed hydra misses you. x2
Casting: Blink
Confirm with . or Enter, or press ? or * to list all spells.
You don't have enough magic to cast that spell.
Okay, then.
As you read the scroll of fear, it crumbles to dust.
You assume a fearsome visage.
The four-headed hydra easily resists.
The four-headed hydra burns!
You block the four-headed hydra's attack. x2
The four-headed hydra bites you but does no damage.
The four-headed hydra misses you.
You feel better.
The four-headed hydra burns!
The four-headed hydra bites you but does no damage. x2
The four-headed hydra closely misses you.
The four-headed hydra bites you!
* * * LOW HITPOINT WARNING * * *
Casting: Blink
Confirm with . or Enter, or press ? or * to list all spells.
You blink.
You are engulfed in roaring flames.
You resist.
You die...

# ### #.#..###
....P## #....#
#.P#### ##.†D§.##
#...§P..##
##PP@....# ##P....##
###....#.#
#P.......#
##........##
#........<.#
#P...............
#.......P.#....... #
...#.....####.......


You could see a four-headed hydra (burning).

Vanquished Creatures
  Snorg (Lair:5)
  A minotaur (Lab)
  7 hydras
  2 catoblepae
  Erica (Lair:1)
  6 death yaks
  6 elephants (Lair:5)
  A centaur zombie (D:7)
  3 black mambas
  7 spiny frogs
  6 komodo dragons
  A rime drake (Lair:3)
  A troll (D:7)
  3 polar bears
  A snapping turtle (Lair:4)
  A two-headed ogre (D:4)
  9 hippogriffs
  7 yaks
  A spriggan (Lair:5)
  A basilisk (Lair:2)
  A hungry ghost (D:8)
  2 nagas (Lair:3)
  2 wargs (D:8)
  11 water moccasins
  4 porcupines
  6 orc warriors
  A sky beast (D:5)
  5 ice beasts
  2 black bears
  10 wolves
  4 ogres
  A necrophage (D:5)
  7 centaurs
  7 crocodiles
  3 big kobolds
  11 bullfrogs
  A wyvern zombie (D:8)
  A scorpion (D:7)
  3 killer bees (D:7)
  3 wights (D:7)
  An electric eel (D:6)
  7 howler monkeys
  2 crimson imps
  2 bullfrog zombies
  4 hounds
  3 jellies
  A gnoll shaman (D:8)
  10 orc priests
  2 bullfrog skeletons
  4 iguanas
  6 orc wizards
  5 worker ants
  7 gnolls
  10 adders
  3 shadow imps
  An ooze (D:4)
  2 adder skeletons (D:6)
  6 worms
  A dart slug (D:1)
  6 leopard geckos
  34 orcs
  A ball python (D:6)
  6 bats
  6 giant cockroaches
  8 goblins
  9 hobgoblins
  10 jackals
  4 quokkas
  6 frilled lizards
  23 kobolds
  14 rats
355 creatures vanquished.

Vanquished Creatures (collateral kills)
  A killer bee (D:7)
  A bullfrog skeleton (D:4)
  A ball python (D:4)
3 creatures vanquished.

Vanquished Creatures (others)
  A bush (Lair:5)
  13 fungi
  10 plants
24 creatures vanquished.

Grand Total: 382 creatures vanquished

Notes
Turn   | Place    | Note
-------+----------+-------------------------------------------
     0 | D:1      | Plasmo the High Elf Wizard began the quest for the Orb.
     0 | D:1      | Reached XP level 1. HP: 11/11 MP: 6/6
   191 | D:1      | Reached XP level 2. HP: 17/17 MP: 0/7
   363 | D:1      | Learned a level 2 spell: Call Imp
   473 | D:1      | You fall through a shaft!
   680 | D:2      | Reached XP level 3. HP: 20/21 MP: 2/9
   856 | D:2      | Reached skill level 1 in Armour
   904 | D:2      | Learned a level 3 spell: Conjure Flame
   908 | D:2      | Learned a level 3 spell: Mephitic Cloud
  1560 | D:2      | Reached skill level 1 in Throwing
  2047 | D:2      | Reached skill level 1 in Fighting
  2047 | D:2      | Reached XP level 4. HP: 16/28 MP: 0/11
  2157 | D:2      | Reached skill level 1 in Air Magic
  2874 | D:3      | Found a faded altar of an unknown god.
  3237 | D:4      | Reached skill level 1 in Fire Magic
  3377 | D:4      | Noticed a two-headed ogre
  3378 | D:4      | Found a shadowy altar of Dithmenos.
  3423 | D:4      | Reached XP level 5. HP: 3/33 MP: 2/12
  3583 | D:4      | Found a glowing drain.
  3607 | Sewer    | Entered a sewer
  3734 | Sewer    | Noticed a crocodile
  3767 | Sewer    | Killed a crocodile
  3767 | Sewer    | Reached skill level 1 in Long Blades
  3767 | Sewer    | Reached skill level 2 in Air Magic
  4035 | D:4      | Reached XP level 6. HP: 32/38 MP: 1/13
  4377 | D:4      | Learned a level 2 spell: Blink
  4741 | D:4      | Killed a two-headed ogre
  5089 | D:4      | Reached XP level 7. HP: 23/45 MP: 11/14
  5493 | D:5      | Entered Level 5 of the Dungeon
  5636 | D:5      | Found a bloodstained altar of Trog.
  5849 | D:5      | Reached skill level 1 in Shields
  6371 | D:5      | Reached skill level 3 in Air Magic
  7115 | D:6      | Reached skill level 5 in Spellcasting
  7115 | D:6      | Reached XP level 8. HP: 48/51 MP: 8/16
  7199 | D:6      | Found Etwagag's Assorted Antiques.
  7202 | D:6      | Found a staircase to the Ecumenical Temple.
  7220 | Temple   | Entered the Ecumenical Temple
  7468 | Temple   | Became a worshipper of Vehumet
  8502 | D:6      | Found a sparkling altar of Nemelex Xobeh.
  8532 | D:6      | Reached skill level 1 in Evocations
  9160 | D:6      | Reached skill level 4 in Air Magic
  9433 | D:6      | Upgraded the game from 0.19.0-11-g3fc08b3 to 0.19.0-16-g73b5abf
 10025 | D:7      | Reached XP level 9. HP: 56/58 MP: 5/18
 10885 | D:6      | Reached * piety under Vehumet
 10885 | D:6      | Offered knowledge of Shock by Vehumet.
 11270 | D:6      | Reached skill level 5 in Long Blades
 11862 | D:6      | Reached skill level 5 in Dodging
 12241 | D:7      | Reached skill level 5 in Air Magic
 12547 | D:7      | Reached skill level 5 in Conjurations
 12728 | D:7      | Found an iron altar of Okawaru.
 12738 | D:7      | Identified a scroll of acquirement
 12738 | D:7      | Identified Juokhen's Easy Theurgy (You acquired it on level 7 of the Dungeon)
 12786 | D:7      | Reached ** piety under Vehumet
 12786 | D:7      | Offered knowledge of Sandblast by Vehumet.
 12786 | D:7      | Reached XP level 10. HP: 57/65 MP: 2/20
 13860 | D:8      | Reached skill level 5 in Fighting
 13881 | D:8      | Offered knowledge of Ignite Poison by Vehumet.
 14193 | D:8      | Found Wargheopp's Jewellery Shop.
 14362 | D:8      | Reached *** piety under Vehumet
 14410 | D:8      | Reached skill level 6 in Air Magic
 14551 | D:8      | Reached skill level 5 in Armour
 14657 | D:8      | Offered knowledge of Stone Arrow by Vehumet.
 14662 | D:8      | Learned a level 3 spell: Stone Arrow
 14689 | D:8      | Learned a level 1 spell: Apportation
 14810 | D:8      | Found a staircase to the Lair.
 15035 | D:8      | Found a stormy altar of Qazlal.
 15159 | Lair:1   | Entered Level 1 of the Lair of Beasts
 15198 | Lair:1   | Noticed a spiny frog
 15206 | Lair:1   | Killed a spiny frog
 15206 | Lair:1   | Reached skill level 5 in Fire Magic
 15279 | Lair:1   | Noticed Erica
 15290 | Lair:1   | Killed Erica
 15752 | Lair:1   | Reached XP level 11. HP: 72/72 MP: 15/22
 16105 | Lair:1   | Noticed a five-headed hydra
 16130 | Lair:1   | Killed a one-headed hydra
 16755 | Lair:2   | Reached skill level 1 in Earth Magic
 16946 | Lair:2   | Reached skill level 7 in Air Magic
 17154 | Lair:2   | Reached **** piety under Vehumet
 18164 | Lair:3   | Offered knowledge of Static Discharge by Vehumet.
 18505 | Lair:3   | Found a staircase to the Snake Pit.
 19479 | Lair:4   | Noticed a death yak
 19479 | Lair:4   | Noticed a death yak
 19479 | Lair:4   | Noticed a catoblepas
 19496 | Lair:4   | Killed a catoblepas
 19496 | Lair:4   | Reached XP level 12. HP: 58/80 MP: 9/25
 19513 | Lair:4   | Killed a death yak
 19527 | Lair:4   | Killed a death yak
 20184 | Lair:4   | Found a staircase to the Shoals.
 20666 | Lair:4   | Noticed a seven-headed hydra
 20680 | Lair:4   | Killed a six-headed hydra
 20680 | Lair:4   | Reached skill level 8 in Air Magic
 20878 | Lair:4   | Learned a level 3 spell: Regeneration
 21106 | Lair:5   | Found a labyrinth entrance.
 21131 | Lab      | Entered a labyrinth
 21570 | Lab      | Noticed a minotaur
 21574 | Lab      | Killed a minotaur
 21608 | Lab      | Got a fine bone amulet
 21645 | Lab      | Identified a +3 rod of inaccuracy (14/14) (You found it in a labyrinth)
 21650 | Lab      | Learned a level 1 spell: Summon Butterflies
 21656 | Lab      | Identified the amulet "Tuomm" {Inacc rElec Stlth+} (You found it in a labyrinth)
 21739 | Lair:5   | Noticed a six-headed hydra
 21745 | Lair:5   | Killed a four-headed hydra
 21819 | Lair:5   | Found a viscous altar of Jiyva.
 21819 | Lair:5   | Found a staircase to the Slime Pits.
 21831 | Lair:5   | Noticed a catoblepas
 21845 | Lair:5   | Killed a catoblepas
 21996 | Lair:5   | Noticed a death yak
 21997 | Lair:5   | Noticed a death yak
 21997 | Lair:5   | Noticed a death yak
 22012 | Lair:5   | Noticed a death yak
 22017 | Lair:5   | Killed a death yak
 22021 | Lair:5   | Killed a death yak
 22024 | Lair:5   | Killed a death yak
 22027 | Lair:5   | Killed a death yak
 22027 | Lair:5   | Reached skill level 1 in Necromancy
 22319 | Lair:5   | Noticed Snorg
 22332 | Lair:5   | Killed Snorg
 22390 | Lair:5   | Reached XP level 13. HP: 71/86 MP: 24/26
 22398 | Lair:5   | Identified Plasmo's Reference Book on the Destructive Traveller (You acquired it on level 5 of the Lair of Beasts)
 22407 | Lair:5   | Learned a level 4 spell: Sticky Flame
 22412 | Lair:5   | Learned a level 4 spell: Throw Icicle
 22875 | Lair:5   | Reached skill level 1 in Ice Magic
 23229 | Lair:6   | Entered Level 6 of the Lair of Beasts
 23406 | Lair:6   | Reached skill level 9 in Air Magic
 23409 | Lair:6   | HP: 4/86 [four-headed hydra (5)]
 23412 | Lair:6   | Engulfed by a cloud of flame

Skill      XL: |  1  2  3  4  5  6  7  8  9 10 11 12 13 |
---------------+----------------------------------------+-----
Armour         | 1 2 3 4 5 6 |  6.9
Throwing       | 1 2 3 4 |  4.8
Spellcasting   | 4 5 6 7 8 |  8.8
Fighting       | 1 2 3 4 5 6 7 |  7.3
Air Magic      | 1 2 3 4 5 6 7 8 9 |  9.0
Fire Magic     | 1 2 3 4 5 6 7 |  7.1
Conjurations   | 2 4 5 6 7 8 |  8.1
Long Blades    | 1 2 4 5 6 7 8 |  8.8
Dodging        | 3 4 5 7 8 |  8.5
Shields        | 1 2 3 4 |  4.8
Evocations     | 1 2 3 4 |  4.0
Earth Magic    | 1 2 |  2.1
Translocations | 2 |  2.0
Necromancy     | 1 |  1.2
Ice Magic      | 1 |  1.5
Stealth        | |  2.8
Summonings     | |  0.8

Action                   |  1- 3 |  4- 6 |  7- 9 | 10-12 | 13-15 || total
-------------------------+-------+-------+-------+-------+-------++-------
Melee: Short sword       |    59 |       |       |       |       ||    59
       Falchion          |       |    95 |   159 |       |       ||   254
       Scimitar          |       |       |   106 |   344 |    35 ||   485
 Fire: Blowgun           |       |       |       |     7 |       ||     7
Throw: Javelin           |       |       |    22 |    71 |       ||    93
 Cast: Magic Dart        |   113 |   134 |   322 |   242 |     4 ||   815
       Mephitic Cloud    |     1 |     7 |    46 |    62 |       ||   116
       Conjure Flame     |     1 |     6 |    35 |   106 |    10 ||   158
       Call Imp          |       |     2 |     3 |       |       ||     5
       Blink             |       |       |    17 |    17 |     1 ||    35
       Stone Arrow       |       |       |       |     7 |     1 ||     8
       Sticky Flame      |       |       |       |       |     8 ||     8
Evoke: Wand              |       |       |       |     5 |       ||     5
  Use: Scroll            |     2 |     8 |    12 |    11 |     3 ||    36
       Potion            |       |       |     2 |     5 |     1 ||     8
 Stab: Sleeping          |     1 |     1 |       |     1 |       ||     3
       Confused          |       |     3 |     9 |     7 |       ||    19
       Invisible         |       |       |       |     2 |       ||     2
  Eat: Chunk             |     3 |     9 |     9 |     8 |       ||    29
       Fruit             |       |     2 |       |     3 |       ||     5
       Pizza             |       |       |     3 |     8 |       ||    11
       Royal jelly       |       |       |     2 |       |       ||     2
       Beef jerky        |       |       |     1 |     1 |     2 ||     4
       Meat ration       |       |       |     2 |     1 |       ||     3
Armor: Robe              |     1 |       |       |       |       ||     1
       Leather armour    |    13 |    29 |    56 |    73 |       ||   171
       Ring mail         |       |       |       |    15 |    23 ||    38
Dodge: Dodged            |    42 |    56 |   165 |   247 |    49 ||   559
Block: Buckler           |       |       |       |    65 |    19 ||    84
       Rpst.: Falchion   |       |    21 |    31 |       |       ||    52
       Scimitar          |       |       |    12 |    58 |    13 ||    83
